 Dungeon Crawl Stone Soup version 0.32-a0-705-g60f233581c (webtiles) character file.

Game seed: 3113304110141198328

191 cforsyth the Firebug (level 5, -6/47 HPs)
             Began as a Mountain Dwarf Cinder Acolyte on Mar 14, 2024.
             Was a High Priest of Ignis.
             Mangled by Pikel
             ... wielding a +1 whip of freezing
              (9 damage)
             ... on level 3 of the Dungeon.
             The game lasted 00:07:20 (3943 turns).

cforsyth the Firebug (MDCA)                         Turns: 3943, Time: 00:07:20

Health: -6/47      AC:  9    Str: 17    XL:     5   Next: 41%
Magic:  1/8        EV:  6    Int: 16    God:    Ignis [*****.]
Gold:   111        SH:  0    Dex:  5    Spells: 6/8 levels left

rFire   + . .        a - +0 hand axe (flame)
rCold   . . .        (no shield)
rNeg    . . .        i - +0 chain mail
rPois   .            (no helmet)
rElec   .            f - +0 cloak
rCorr   +            (no gloves)
SInv    .            (no boots)
Will    .....        (no amulet) Stlth
                     R - ring of resist corrosion
HPRegen 0.27/turn    (no ring)
MPRegen 0.11/turn

%: no passive effects
@: silenced
A: runic magic, artefact enchanting
a: Renounce Religion


You were on level 3 of the Dungeon.
You worshipped Ignis.
Ignis was extremely pleased with you.
You visited 1 branch of the dungeon, and saw 4 of its levels.

You collected 111 gold pieces.


Innate Abilities, Weirdness & Mutations

Your spellcasting is much less encumbered by armour.
You can use scrolls of enchantment on lesser artefacts.


   Skills:
 + Level 4.3 Fighting
 + Level 4.5 Axes
 + Level 2.2 Armour
 + Level 2.1 Spellcasting
 + Level 4.5 Fire Magic


You had 6 spell levels left.
You knew the following spells:

 Your Spells              Type           Power      Damage    Failure   Level
X - Scorch                Fire           32%        2d6       9%          2

Your spell library contained the following spells:

 Spells                   Type           Power      Damage    Failure   Level
 Slow                     Hex            4%         N/A       36%         1
 Volatile Blastmotes      Fire/Tloc      18%        2d11      41%         3
 Blink                    Tloc           2%         N/A       50%         2
 Lesser Beckoning         Tloc           2%         N/A       50%         2
 Momentum Strike          Conj/Tloc      2%         3d8       50%         2
 Confusing Touch          Hex            1%         N/A       73%         3
 Frozen Ramparts          Ice            2%         1d1       73%         3
 Ozocubu's Armour         Ice            1%         N/A       73%         3
 Vampiric Draining        Necr           1%         2d6       73%         3
 Fulminant Prism          Conj/Alch      0%         3d5       98%         4
 Iskenderun's Mystic Bla  Conj/Tloc      1%         2d3       98%         4
 Metabolic Englaciation   Hex/Ice        0%         N/A       100%        5

Inventory:

Hand Weapons
 a - a +0 hand axe of flaming (weapon)
Armour
 f - a +0 cloak (worn)
 i - a +0 chain mail (worn)
Jewellery
 R - a ring of resist corrosion (left hand)
Scrolls
 c - 2 scrolls of identify {@r1}
 d - a scroll of fog {unknown}
 k - a scroll of fear {unknown}
 l - a scroll of teleportation {unknown}
 m - a scroll of poison {unknown}
 o - a scroll of summoning {unknown}
Potions
 b - a potion of degeneration {unknown}
 g - 2 potions of resistance
 j - a potion of enlightenment {unknown}
 n - a potion of haste {unknown}

Dungeon Overview and Level Annotations

Branches:
Dungeon (4/15)
 Temple: D:4-7

Altars:

Shops:
D:3 (

Annotations:
D:3 Pikel

####....#########.######.#
.# #.........# #........#
.# #.........# #..#######
.###.........# #..######
...#.........# ##.......#
...#รท........###........#
........................#
...#.........##..##########
...#############@K........#
...# ##########.### ...#
#..[#
...###################
#.###
.....................# #.#
...#################.# #.#
...# #.####.# ...# #......#
##.# ########


You could see Pikel.


Message History

Pikel hits you with a +1 whip of freezing.
* * * LOW HITPOINT WARNING * * *
Pikel freezes you.
* * * LOW HITPOINT WARNING * * *
Unknown command.
Okay, then.
As you read the scroll labelled FEOTENUUPLUY, it crumbles to dust.
It is a scroll of enchant weapon.
Your -1 hand axe of flaming glows red for a moment.
Pikel hits you with a +1 whip of freezing.
* * * LOW HITPOINT WARNING * * *
Pikel freezes you.
* * * LOW HITPOINT WARNING * * *
As you read the scroll labelled JOENESU OBOTS, it crumbles to dust.
A profound silence engulfs you.
It was a scroll of silence.
Pikel grins.
Pikel hits you with a +1 whip of freezing.
* * * LOW HITPOINT WARNING * * *
Pikel freezes you.
* * * LOW HITPOINT WARNING * * *
Unknown command.
Unknown command.
You hit Pikel but do no damage.
Pikel is lightly wounded.
Pikel barely misses you.
You barely miss Pikel.
Pikel is lightly wounded.
Pikel hits you with a +1 whip of freezing!
You die...
Ignis goes out, and joins you in death.

Skill      XL: |  1  2  3  4  5 |
---------------+----------------+-----
Armour         | 1 2 |  2.2
Axes           | 4 |  4.5
Fire Magic     | 4 |  4.5
Fighting       | 4 |  4.3
Spellcasting   | 2 |  2.1

Action                     |  1- 3 |  4- 6 || total
---------------------------+-------+-------++-------
  Melee: Hand axe          |    77 |    35 ||   112
   Cast: Scorch            |    18 |    56 ||    74
    Use: Scroll            |       |     3 ||     3
 Armour: Robe              |    52 |       ||    52
         Chain mail        |    59 |    55 ||   114
  Dodge: Dodged            |    45 |    26 ||    71

Levels and vault maps discovered:
D:1:      arrival_aquarium_b, layout_basic, chequers_serial_rivers_small_b
D:2:      layout_rooms, uniq_terence
D:3:      layout_basic, serial_shops, shop
D:4:      layout_loops_corners, gammafunk_temple_overflow_elements,
          fedhas_altar_3, serial_shops, shop, uniq_ijyb, uniq_pikel

Notes
Turn   | Place    | Note
-------+----------+-------------------------------------------
     0 | D:1      | cforsyth the Mountain Dwarf Cinder Acolyte began the quest
                  | for the Orb.
     0 | D:1      | Reached XP level 1. HP: 19/19 MP: 2/2
     3 | D:1      | Noticed an electric eel
     4 | D:1      | Noticed an electric eel
   280 | D:1      | Reached XP level 2. HP: 23/26 MP: 3/3
   283 | D:1      | Learned a level 2 spell: Scorch
  1122 | D:2      | Reached skill level 1 in Armour
  1247 | D:1      | Reached skill level 4 in Axes
  1247 | D:1      | Reached skill level 4 in Fire Magic
  1247 | D:1      | Reached XP level 3. HP: 31/31 MP: 1/5
  1334 | D:2      | Noticed Terence
  1511 | D:2      | Identified the +1 whip "Uwuttih" {vamp, rC+}
  1681 | D:1      | Killed Terence
  1682 | D:1      | Reached XP level 4. HP: 30/40 MP: 0/6
  2039 | D:2      | Reached skill level 4 in Fighting
  2360 | D:2      | Reached skill level 2 in Armour
  2575 | D:3      | Reached XP level 5. HP: 46/46 MP: 2/7
  2848 | D:3      | Reached skill level 2 in Spellcasting
  3162 | D:3      | Found Yguxetug's Weapon Shoppe.
  3606 | D:4      | Noticed a lemure
  3623 | D:3      | Killed a lemure
  3678 | D:4      | Noticed a lemure
  3690 | D:3      | Killed a lemure
  3766 | D:4      | Noticed a lemure
  3766 | D:4      | Noticed a lemure
  3783 | D:3      | Killed a lemure
  3854 | D:4      | Noticed Pikel
  3860 | D:3      | Killed a lemure
  3939 | D:3      | Identified 2 potions of resistance
  3941 | D:3      | HP: 4/47 [Pikel/+1 whip of freezing (5)]
  3943 | D:3      | Mangled by Pikel

Vanquished Creatures
  4 lemures (D:3)
  2 bombardier beetles
  Terence (D:1)
  3 adders
  2 ribbon worms (D:2)
  A dart slug (D:3)
  5 endoplasms
  5 giant cockroaches
  8 goblins
  3 hobgoblins
  2 jackals (D:3)
  2 quokkas
  4 ball pythons
  10 bats
  2 frilled lizards
  10 kobolds
  5 rats
69 creatures vanquished.

Table legend: (Time is in decaauts)
 A = Elapsed time spent in this place.
 B = Non-inter-level travel time spent in this place.
 C = Inter-level travel time spent in this place.
 D = Time resting spent in this place.
 E = Time spent auto-exploring this place.
 F = Levels seen in this place.
 G = Mean time per level.
                   A        B        C        D        E       F      G
               +--------+--------+--------+--------+--------+-----+--------+
         Total |   3965 |   3813 |    152 |    615 |   2510 |   4 |  991.2 |
       Dungeon |   3965 |   3813 |    152 |    615 |   2510 |   4 |  991.2 |
               +--------+--------+--------+--------+--------+-----+--------+

Top non-repeatable levels by time:
     D:1: 1613 daAuts
     D:3: 1488 daAuts
     D:2: 802 daAuts
     D:4: 60 daAuts

Table legend:
 A = Non-vault XP
 B = Vault XP
 C = Vault XP percentage of total XP
 D = Non-vault monster count
 E = Vault monster count
 F = Vault count percentage of total count
                 A         B        C        D         E       F
            +---------+---------+-------+---------+---------+-------
      Total |     237 |      36 |  13.2 |      64 |       1 |   1.5
            +---------+---------+-------+---------+---------+-------
        D:1 |      57 |      36 |  38.7 |      21 |       1 |   4.5
        D:2 |      84 |       0 |   0.0 |      21 |       0 |   0.0
        D:3 |      96 |       0 |   0.0 |      22 |       0 |   0.0
            +---------+---------+-------+---------+---------+-------
